 Dungeon Crawl Stone Soup version 0.21.1-72-gffa868e (webtiles) character file.

147 Madoushi the Skirmisher (level 5, -1/33 HPs)
             Began as a Gargoyle Fighter on Aug 4, 2018.
             Killed by divine providence
             ... invoked by an orc priest
              (13 damage)
             ... on level 3 of the Dungeon.
             The game lasted 00:08:17 (2421 turns).

Madoushi the Skirmisher (Gargoyle Fighter)          Turns: 2421, Time: 00:08:17

Health: -1/33      AC: 11    Str: 21    XL:     5   Next: 29%
Magic:  5/5        EV:  7    Int:  8    God:
Gold:   42         SH:  9    Dex:  9    Spells: 4/4 levels left

rFire    x . .     SeeInvis .   a - +0 flail
rCold    + . .     Gourm    .   c - +0 shield
rNeg     + . .     Faith    .   b - +0 scale mail
rPois    ∞         Spirit   .   (no helmet)
rElec    +         Reflect  .   (no cloak)
rCorr    .         Harm     .   (no gloves)
MR       .....                  (no boots)
Stlth    ..........             (no amulet)
HPRegen  0.11/turn              g - +1 ring of slaying
MPRegen  0.09/turn              i - ring of ice

@: no status effects
A: negative energy resistance 1, electricity resistance, unbreathing,
petrification resistance, rot immunity, AC +4
a: no special abilities


You were on level 3 of the Dungeon.
You were not hungry.

You visited 1 branch of the dungeon, and saw 3 of its levels.

You collected 42 gold pieces.

Inventory:

Hand Weapons
 a - a +0 flail (weapon)
Armour
 b - a +0 scale mail (worn)
 c - a +0 shield (worn)
Jewellery
 g - a +1 ring of slaying (left hand)
 i - a ring of ice (right hand)
Scrolls
 e - a scroll of fog {unknown}
 f - 2 scrolls of remove curse
 k - 3 scrolls of identify
Potions
 d - a potion of might
 h - a potion of mutation {unknown}
 j - 2 potions of heal wounds {unknown}
 l - a potion of lignification {unknown}
 o - a potion of curing {unknown}
Comestibles
 m - a ration
 n - a chunk of flesh


   Skills:
 + Level 4.1 Fighting
 + Level 3.6 Maces & Flails
 + Level 4.0 Armour
 + Level 0.1 Dodging
 + Level 0.2 Stealth
 + Level 4.0 Shields


You had 4 spell levels left.
You didn't know any spells.

Dungeon Overview and Level Annotations

Branches:
Dungeon (3/15)

Altars:
Ashenzari


Innate Abilities, Weirdness & Mutations

You are resistant to torment.
Your stone body is resilient. (AC +4)
You are immune to poison.
You resist negative energy. (rN+)
You are resistant to electric shocks. (rElec)
You can survive without breathing.
You are immune to petrification.
You are immune to rotting.


Message History

The orc hits you with a short sword of holy wrath.
You closely miss something. Something hits you but does no damage.
You block the orc's attack.
You miss something. Something hits you but does no damage.
The orc hits you but does no damage.
You closely miss something. Something hits you but does no damage.
The orc hits you but does no damage. The orc barely misses you.
You hear some strange, mumbled words.
A puff of flame appears from out of thin air!
The puff of flame misses you.
You completely miss something. Something hits you but does no damage.
The orc barely misses you.
You barely miss something.
The orc priest looks satisfied for a moment.
Something hits you but does no damage. You block the orc's attack.
You hit something. Something hits you but does no damage.
You block the orc's attack.
The orc priest mumbles some strange prayers to Beogh against you.
Beogh smites you!
You die...

#..# #..#
...# # #..
.. #.. ...
#.###....
#....<...
####$.##....
#@oo........
#{#....#....
#)#........#
#.#..#.##.?#
#.#...... .#
#.##.####. #
#.##.. .
#.####
#....#


You could see an orc priest and an orc.

Vanquished Creatures
  An orc priest (D:3)
  3 adders (D:2)
  2 oozes
  4 worms (D:2)
  3 dart slugs (D:1)
  3 leopard geckos
  An orc (D:3)
  3 bats (D:1)
  3 giant cockroaches (D:2)
  5 goblins
  8 hobgoblins
  6 jackals (D:1)
  A quokka (D:2)
  4 frilled lizards
  5 kobolds
  8 rats
60 creatures vanquished.

Notes
Turn   | Place    | Note
-------+----------+-------------------------------------------
     0 | D:1      | Madoushi the Gargoyle Fighter began the quest for the Orb.
     0 | D:1      | Reached XP level 1. HP: 14/14 MP: 1/1
   107 | D:1      | Reached XP level 2. HP: 13/19 MP: 2/2
   502 | D:1      | Reached XP level 3. HP: 21/23 MP: 3/3
  1092 | D:2      | Reached XP level 4. HP: 27/29 MP: 4/4
  2278 | D:3      | Found a shattered altar of Ashenzari.
  2371 | D:3      | Reached XP level 5. HP: 33/33 MP: 5/5
  2421 | D:3      | Killed from afar by an orc priest

Skill      XL: |  1  2  3  4  5 |
---------------+----------------+-----
Maces & Flails | 3 |  3.6
Shields        | 4 |  4.0
Fighting       | 4 |  4.1
Armour         | 4 |  4.0
Dodging        | |  0.1
Stealth        | |  0.2

Action                   |  1- 3 |  4- 6 || total
-------------------------+-------+-------++-------
Melee: Flail             |   140 |   119 ||   259
  Use: Scroll            |     2 |       ||     2
  Eat: Ration            |     1 |     1 ||     2
       Chunk             |       |     1 ||     1
Armor: Scale mail        |   101 |    62 ||   163
Dodge: Dodged            |    64 |    32 ||    96
Block: Shield            |    99 |    51 ||   150
